Unix xNetHack Version 8.0.0 - last build Mar 23 2024 02:42:02 (1964348d4f5f1cf1067ea9968e02252fcc83c468). Game began 2024-04-27 15:21:57, ended 2024-04-27 15:43:51. Okoto, lawful female human Valkyrie ---------------- |..............| .....[.........| |.............<| |............... -|--------.----- #### ## ### # # -----+---- --+-.-- -........| |..l...# |...>....| |..|..|#######` ...^.....| ...|.(.# # |........| |..|..| ##########.........| |..|..| ---------- ---|--- Okoto the Skirmisher St:13 Dx:15 Co:18 In:9 Wi:9 Ch:9 Lawful S:918 Dlvl:6 $:136 HP:0(35) Pw:11(11) AC:1 Xp:4/98 T:2424 Weak Latest messages: There is a giant rat corpse here; eat it? [ynq] (n) y This giant rat corpse tastes terrible! You finish eating the giant rat corpse. The paper golem moves the white unicorn out of its way! The paper golem claws you! You pierce the paper golem! The paper golem claws you! You miss the giant spider. The paper golem claws you! The giant spider misses! You miss the giant spider. The paper golem claws you! The giant spider just misses! You miss the giant spider. The paper golem misses! The giant spider bites! The giant spider bites! The paper golem hits! The giant spider bites! The giant spider bites! You climb up the stairs. You see here 26 gold pieces. $ - 26 gold pieces {0} (136 in total). You climb up the stairs. Please move the cursor to an unknown object. (For instructions type a '?') Really step into that pit? [yn] (n) n The jackal falls into a pit! The jackal is killed! You hear convulsive ravings. You pierce the orc zombie. You gore the orc zombie. You miss the orc zombie. The orc zombie scratches you! You miss the orc zombie. You destroy the orc zombie! Valkyrie needs food, badly! You see here a blindfold. You hear a nearby zap. The magic missile hits you! The leprechaun zaps a short wand! The magic missile whizzes by you! The magic missile bounces! The magic missile hits you! You die... Do you want your possessions identified? [ynq] (y) n Do you want to see your attributes? [ynq] (y) n Do you want an account of creatures vanquished? [ynaq] (y) n Do you want to see your conduct and achievements? [ynq] (y) n Do you want to see the dungeon overview? [ynq] (y) n Inventory: Inventory: 408/825 weight (20/52 slots) Coins $ - 136 gold pieces {1} Weapons b - a +0 dagger (alternate weapon; not wielded) {10} m - a blessed +1 orcish dagger {10} a - a +1 spear (weapon in hand) {30} Armor o - an uncursed +1 orcish helm (being worn) {23} u - an uncursed +0 orcish helm {30} v - an uncursed +0 orcish helm {30} p - a cursed -1 pair of levitation boots {15} c - an uncursed +3 small shield (being worn) {23} w - an uncursed +0 leather studded armor (being worn) {150} Comestibles k - an uncursed lichen corpse {20} Scrolls t - an uncursed scroll of create monster {5} y - an uncursed scroll of scare monster {5} Potions s - an uncursed potion of monster detection {20} r - an uncursed potion of speed {20} Rings e - a cursed ring of aggravate monster named Cursed {3} h - a cursed ring of hunger {3} Wands q - a wand of cancellation (0:4) {7} Gems/Stones A - an uncursed worthless piece of blue glass {1} x - an uncursed worthless piece of green glass {1} j - an uncursed worthless piece of orange glass {1} Okoto the Valkyrie's attributes: Background: You were a Skirmisher, a level 4 human Valkyrie. You were lawful, on a mission for Tyr who was opposed by Odin (neutral) and Loki (chaotic). You were heterosexual. You were in the Dungeons of Doom, on level 6. You entered the dungeon 2424 turns ago. You had 98 experience points, 62 more were needed to attain level 5. Your score was 918 before end-of-game adjustments. Basics: You had 0 out of 35 hit points. You had all 11 energy points (spell power). Your armor class was 1. Your wallet contained 136 zorkmids. Autopickup was off. Final Characteristics: Your strength was 13 (base:14, limit:18/100). Your dexterity was 15 (limit:18). Your constitution was 18 (limit:18). Your intelligence was 9 (limit:18). Your wisdom was 9 (peak:10, limit:18). Your charisma was 9 (limit:18). Final Status: You were weak from severe hunger. You were unencumbered. You were wielding a spear. You had basic skill with spear. Final Attributes: You were piously aligned. You were cold resistant. You were stealthy. You were warded. You were unlucky. Tyr was angry with you. You are dead. Miscellaneous: You never encountered a bones level. Total elapsed playing time was 21 minutes and 52 seconds. Major events: Turn 1: Okoto the lawful human Valkyrie entered the dungeon 1555: attained the rank of Skirmisher (level 3) 2424: killed by a magic missile zapped by a leprechaun Vanquished creatures: 2 black naga hatchlings 2 orc zombies 2 dwarf zombies an iguana an acid blob a coyote 2 giant rats a red mold a gnome zombie 5 jackals a fox 5 goblins 2 sewer rats 7 grid bugs 4 lichens a kobold zombie 8 newts 46 creatures vanquished. No species were genocided or became extinct. Voluntary challenges: You read items or engraved 1 time. You never genocided any monsters. You never polymorphed an object. You never changed form. You never touched an artifact. You used no wishes. You never scared an enemy with impunity. You were celibate. You never generated conflict. Achievements: You entered a shop. You attained the rank of Skirmisher. Dungeon overview: The Dungeons of Doom: levels 1 to 8 Level 1: Level 2: A scroll shop. Level 3: A fountain. Level 4: Level 5: Level 6: <- You were here. Final resting place for you, killed by a magic missile zapped by a leprechaun. Level 7: An altar, a fountain, a sink. Level 8: Game over: __________ / \ / REST \ / IN \ / PEACE \ / \ | Okoto | | 136 Au | | killed by a | | magic missile | | zapped by a | | leprechaun | | 2024 | *| * * * | * _________)/\\_//(\/(/\)/\//\/|_)_______ Farvel Okoto the Valkyrie... You died in The Dungeons of Doom on dungeon level 6 with 905 points, and 136 pieces of gold, after 2424 moves. You were level 4 with a maximum of 35 hit points when you died.